Connexion

PITTSBURGH Penguins vs COLUMBUS Blue Jackets

Created - 11 novembre 2023 at 07:18

Goals
1 2 3 T
PITTSBURGH Penguins 0 2 2 4
COLUMBUS Blue Jackets 0 1 0 1
Shots
1 2 3 T
PITTSBURGH Penguins 7 8 12 27
COLUMBUS Blue Jackets 4 7 12 23

GoalsPenalties
1st period
No Goal
Dante Fabbro (CLB) for Holding (Minor) at 4:23
2nd period
1. COLUMBUS Blue Jackets , Sam Steel 5 (Jeffrey Viel 1, Jordan Gross 10) at 10:54
2. PITTSBURGH Penguins , Gustav Nyquist 13 (Brad Marchand 22, Jake Gardiner 14) at 12:22
3. PITTSBURGH Penguins , Anton Lindholm 3 (Oliver Bjorkstrand 19, Gustav Nyquist 14) at 14:37 (PP)
Pierre-luc Dubois (CLB) for Hooking (Minor) at 3:41
Milan Lucic (PIT) for Interference (Minor) at 8:33
Carson Soucy (CLB) for Slashing (Minor) at 13:48
Carson Soucy (CLB) for Hooking (Minor) at 19:09
3rd period
4. PITTSBURGH Penguins , Brad Marchand 17 (Will Butcher 22, Jake Gardiner 15) at 5:09
5. PITTSBURGH Penguins , Adam Larsson 1 (Andrei Svechnikov 17, Oliver Bjorkstrand 20) at 14:49 (PP)
Jake Gardiner (PIT) for Roughing (Minor) at 9:19
Nick Paul (CLB) for Roughing (Minor) at 13:09
Ross Colton (PIT) for Holding (Minor) at 16:50
Goalie Stats
Darcy Kuemper (PIT), 22 saves from 23 shots - (0,957), W, 16-11-6, 60:00 minutes
Vitek Vanecek (CLB), 23 saves from 27 shots - (0,852), L, 17-10-3, 60:00 minutes
3 StarsOfficial
1 - Brad Marchand (PIT)
2 - Gustav Nyquist (PIT)
3 - Jake Gardiner (PIT)
Referees : Dan O'Rourke and Dan Marouelli
Linesman : Lyle Seitz and Shane Heyer
Game Note
No Game Note
Finance
Level 1 -- Attendance: 6000 (100,00%) -- Ticket Income 780 000 $
Level 2 -- Attendance: 5144 (100,00%) -- Ticket Income 437 240 $
Level 3 -- Attendance: 1855 (92,75%) -- Ticket Income 102 025 $
Level 4 -- Attendance: 3625 (90,63%) -- Ticket Income 126 875 $
Luxury Box -- Attendance: 973 (97,30%) -- Ticket Income 228 655 $
Game was played at the Nationwide Arena.
Total Attendance: 17597 (96,99%)
Total Ticket Income: 1 674 795 $
Other Income: 334 959 $
Total Income: 2 009 754 $



Team Name Goals Shots Shots Attemp Shots Blocked PIM HIT PP PK FO%
PITTSBURGH Penguins 4275466172 / 5 (40%)054%
COLUMBUS Blue Jackets 12340410270 / 3 (0%)246%

PITTSBURGH Penguins
Player Name POS G A P +/- PIM HIT SHT SB MP PP MP PP SHT PK MP PK SHT FO% FOT
Adam LarssonD1010023023:044:1313:2500% 0
Alexander BarabanovLW/RW000-103108:260:0000:0000% 0
Andrei SvechnikovLW/RW0110045119:134:2611:0000% 0
Anton LindholmD1010002222:294:1322:5000% 0
Brad MarchandLW/RW1122022024:254:0013:5000% 3
Connor McDavidC0002001024:014:0013:26048% 29
Gustav NyquistC/LW/RW1122004022:324:2611:31060% 10
Jake GardinerD0222211222:534:1311:4800% 0
Kevin ConnautonD000-1000013:180:0000:0000% 0
Laurent DauphinC/LW000000008:200:0001:31067% 6
Matthew NietoLW/RW000-100109:020:0000:3600% 0
Milan LucicLW000023006:480:0000:0000% 0
Oliver Bjorkstrand LW/RW0220003018:134:2600:00050% 4
Ross ColtonC000-120108:250:0000:00060% 15
Trevor CarrickD000-1010014:020:0000:4400% 0
Vitali KravtsovRW000000006:490:0000:0000% 0
Will ButcherD0112010124:134:1303:0700% 0
William NylanderC/RW0000003017:474:0000:00060% 15
COLUMBUS Blue Jackets
Player Name POS G A P +/- PIM HIT SHT SB MP PP MP PP SHT PK MP PK SHT FO% FOT
Artturi LehkonenLW/RW0000020016:322:5600:0000% 1
Bo HorvatC0000013018:162:5611:44019% 21
Carson SoucyD000-2420019:232:4002:4200% 0
Colin BlackwellC/LW/RW0000013014:272:2401:05031% 13
Dante FabbroD0000211122:502:4013:0300% 0
Jack RoslovicC/RW000-2003023:513:0106:100100% 1
Jeffrey VielLW011103006:230:0000:0000% 0
John CarlsonD000-2003121:543:1724:3400% 0
John MarinoD0000030223:512:2804:1500% 0
Jordan GrossD0111010016:440:0002:1800% 0
Justin DanforthRW0000010010:580:0000:000100% 2
Nick PaulLW0000230010:570:0000:000100% 1
Nino NiederreiterLW/RW0000022015:460:4401:26050% 2
Pierre-luc DuboisC/LW000-2241022:263:0104:46061% 28
Rudolfs BalcersLW/RW000100106:230:0000:0000% 0
Sam SteelC101100106:230:0000:00057% 7
Tyler JohnsonC/LW/RW000-2013019:102:4901:41067% 6
William LagessonD0001022015:150:4900:0000% 0



Play-by-Play

1st period


0:01 of 1st period - Tyler Johnson wins face-off versus Connor McDavid in neutral zone.
0:04 of 1st period - Brad Marchand is hit by Pierre-luc Dubois and loses puck.
0:12 of 1st period - Off-side.
0:13 of 1st period - William Nylander wins face-off versus Bo Horvat in neutral zone.
0:56 of 1st period - Off-side.
0:57 of 1st period - Justin Danforth wins face-off versus Connor McDavid in neutral zone.
1:03 of 1st period - Icing by Kevin Connauton.
1:04 of 1st period - Jack Roslovic wins face-off versus Connor McDavid in PITTSBURGH Penguins zone.
1:07 of 1st period - Shot by Jack Roslovic.
1:07 of 1st period - Stopped by Darcy Kuemper with a rebound.
1:21 of 1st period - Shot by Tyler Johnson.
1:21 of 1st period - Stopped by Darcy Kuemper without a rebound.
1:22 of 1st period - Ross Colton wins face-off versus Colin Blackwell in PITTSBURGH Penguins zone.
1:46 of 1st period - Jake Gardiner is hit by Justin Danforth and loses puck.
3:02 of 1st period - Shot by Pierre-luc Dubois.
3:02 of 1st period - Stopped by Darcy Kuemper without a rebound.
3:03 of 1st period - Sam Steel wins face-off versus Laurent Dauphin in PITTSBURGH Penguins zone.
3:30 of 1st period - Shot by Vitali Kravtsov.
3:30 of 1st period - Shot Misses the Net.
3:58 of 1st period - Shot by Andrei Svechnikov.
3:58 of 1st period - Stopped by Vitek Vanecek without a rebound.
3:59 of 1st period - William Nylander wins face-off versus Artturi Lehkonen in COLUMBUS Blue Jackets zone.
4:14 of 1st period - Shot by Nino Niederreiter.
4:14 of 1st period - Shot Hit the Post.
4:20 of 1st period - John Marino is hit by Andrei Svechnikov.
4:23 of 1st period - Minor Penalty to Dante Fabbro for Holding.
4:24 of 1st period - Connor McDavid wins face-off versus Pierre-luc Dubois in COLUMBUS Blue Jackets zone.
5:01 of 1st period - Shot by Connor McDavid.
5:01 of 1st period - Shot Misses the Net.
5:10 of 1st period - Off-side.
5:11 of 1st period - Tyler Johnson wins face-off versus Gustav Nyquist in neutral zone.
5:45 of 1st period - Will Butcher is hit by Pierre-luc Dubois and loses puck.
6:33 of 1st period - Shot by Alexander Barabanov.
6:33 of 1st period - Shot Blocked by Dante Fabbro.
6:44 of 1st period - John Marino is hit by Alexander Barabanov and loses puck.
6:49 of 1st period - Shot by Matthew Nieto.
6:49 of 1st period - Shot Misses the Net.
6:51 of 1st period - Shot by Ross Colton.
6:51 of 1st period - Stopped by Vitek Vanecek without a rebound.
6:52 of 1st period - Laurent Dauphin wins face-off versus Bo Horvat in COLUMBUS Blue Jackets zone.
6:52 of 1st period - Anton Lindholm is hit by William Lagesson and loses puck.
7:41 of 1st period - Icing by Kevin Connauton.
7:42 of 1st period - Pierre-luc Dubois wins face-off versus Ross Colton in PITTSBURGH Penguins zone.
8:33 of 1st period - Icing by Matthew Nieto.
8:34 of 1st period - Ross Colton wins face-off versus Colin Blackwell in PITTSBURGH Penguins zone.
8:34 of 1st period - Ross Colton is hit by Colin Blackwell.
8:46 of 1st period - Justin Danforth is hit by Alexander Barabanov and loses puck.
9:43 of 1st period - Shot by Bo Horvat.
9:43 of 1st period - Shot Misses the Net.
9:53 of 1st period - Shot by Bo Horvat.
9:53 of 1st period - Shot Blocked by Jake Gardiner.
10:15 of 1st period - Shot by Bo Horvat.
10:15 of 1st period - Stopped by Darcy Kuemper without a rebound.
10:16 of 1st period - Oliver Bjorkstrand wins face-off versus Pierre-luc Dubois in PITTSBURGH Penguins zone.
10:23 of 1st period - Icing by Carson Soucy.
10:24 of 1st period - Pierre-luc Dubois wins face-off versus William Nylander in COLUMBUS Blue Jackets zone.
10:43 of 1st period - Icing by Oliver Bjorkstrand .
10:44 of 1st period - William Nylander wins face-off versus Bo Horvat in PITTSBURGH Penguins zone.
10:44 of 1st period - William Nylander is hit by Artturi Lehkonen.
11:18 of 1st period - Shot by Oliver Bjorkstrand .
11:18 of 1st period - Shot Misses the Net.
11:48 of 1st period - Shot by Gustav Nyquist.
11:48 of 1st period - Shot Misses the Net.
11:58 of 1st period - Shot by Gustav Nyquist.
11:58 of 1st period - Stopped by Vitek Vanecek without a rebound.
11:59 of 1st period - Sam Steel wins face-off versus Laurent Dauphin in COLUMBUS Blue Jackets zone.
12:50 of 1st period - Adam Larsson is hit by Jeffrey Viel and loses puck.
12:57 of 1st period - Shot by Oliver Bjorkstrand .
12:57 of 1st period - Stopped by Vitek Vanecek without a rebound.
12:58 of 1st period - Connor McDavid wins face-off versus Pierre-luc Dubois in COLUMBUS Blue Jackets zone.
14:02 of 1st period - Icing by Anton Lindholm.
14:03 of 1st period - Bo Horvat wins face-off versus William Nylander in PITTSBURGH Penguins zone.
15:02 of 1st period - Shot by Laurent Dauphin.
15:02 of 1st period - Shot Misses the Net.
16:05 of 1st period - Jake Gardiner is hit by William Lagesson.
17:28 of 1st period - Shot by Oliver Bjorkstrand .
17:28 of 1st period - Stopped by Vitek Vanecek with a rebound.
17:30 of 1st period - Shot by Anton Lindholm.
17:30 of 1st period - Shot Misses the Net.
17:32 of 1st period - Shot by Adam Larsson.
17:32 of 1st period - Stopped by Vitek Vanecek without a rebound.
17:33 of 1st period - Ross Colton wins face-off versus Sam Steel in COLUMBUS Blue Jackets zone.
17:39 of 1st period - Off-side.
17:40 of 1st period - William Nylander wins face-off versus Colin Blackwell in neutral zone.
17:40 of 1st period - Andrei Svechnikov is hit by Nick Paul and loses puck.
17:49 of 1st period - Shot by William Nylander.
17:49 of 1st period - Stopped by Vitek Vanecek without a rebound.
17:50 of 1st period - Oliver Bjorkstrand wins face-off versus Bo Horvat in COLUMBUS Blue Jackets zone.
17:58 of 1st period - Icing by Bo Horvat.
17:59 of 1st period - William Nylander wins face-off versus Bo Horvat in COLUMBUS Blue Jackets zone.
18:10 of 1st period - Shot by Bo Horvat.
18:10 of 1st period - Deflect By Artturi Lehkonen.
18:10 of 1st period - Shot Blocked by Anton Lindholm.
18:34 of 1st period - Oliver Bjorkstrand is hit by Bo Horvat and loses puck.
19:03 of 1st period - John Marino is hit by Brad Marchand and loses puck.
19:26 of 1st period - Shot by Brad Marchand.
19:26 of 1st period - Shot Misses the Net.
19:54 of 1st period - Shot by Matthew Nieto.
19:54 of 1st period - Deflect By Ross Colton.
19:54 of 1st period - Shot Misses the Net.
19:56 of 1st period - Shot by Matthew Nieto.
19:56 of 1st period - Shot Blocked by John Marino.
19:58 of 1st period - Shot by Alexander Barabanov.
19:58 of 1st period - Shot Misses the Net.
Goals for this period are 0 for PITTSBURGH Penguins vs 0 for COLUMBUS Blue Jackets .
Shots for this period are 7 for PITTSBURGH Penguins vs 4 for COLUMBUS Blue Jackets .

2nd period


0:01 of 2nd period - Connor McDavid wins face-off versus Tyler Johnson in neutral zone.
0:29 of 2nd period - Off-side.
0:30 of 2nd period - Colin Blackwell wins face-off versus William Nylander in neutral zone.
0:40 of 2nd period - Justin Danforth is hit by Adam Larsson and loses puck.
0:56 of 2nd period - Off-side.
0:57 of 2nd period - Pierre-luc Dubois wins face-off versus Brad Marchand in neutral zone.
1:04 of 2nd period - Shot by Jack Roslovic.
1:04 of 2nd period - Shot Misses the Net.
1:06 of 2nd period - Shot by John Carlson.
1:06 of 2nd period - Shot Misses the Net.
1:30 of 2nd period - Shot by Tyler Johnson.
1:30 of 2nd period - Shot Misses the Net.
1:54 of 2nd period - Shot by Nino Niederreiter.
1:54 of 2nd period - Stopped by Darcy Kuemper with a rebound.
2:20 of 2nd period - Shot by Andrei Svechnikov.
2:20 of 2nd period - Stopped by Vitek Vanecek without a rebound.
2:21 of 2nd period - Colin Blackwell wins face-off versus Oliver Bjorkstrand in COLUMBUS Blue Jackets zone.
2:21 of 2nd period - Colin Blackwell is hit by Andrei Svechnikov.
2:38 of 2nd period - Justin Danforth is hit by Adam Larsson and loses puck.
3:19 of 2nd period - Shot by John Carlson.
3:19 of 2nd period - Stopped by Darcy Kuemper without a rebound.
3:20 of 2nd period - Ross Colton wins face-off versus Pierre-luc Dubois in PITTSBURGH Penguins zone.
3:24 of 2nd period - Icing by Trevor Carrick.
3:25 of 2nd period - Pierre-luc Dubois wins face-off versus Ross Colton in PITTSBURGH Penguins zone.
3:41 of 2nd period - Minor Penalty to Pierre-luc Dubois for Hooking.
3:42 of 2nd period - Nino Niederreiter wins face-off versus Connor McDavid in COLUMBUS Blue Jackets zone.
3:50 of 2nd period - Off-side.
3:51 of 2nd period - Gustav Nyquist wins face-off versus Nino Niederreiter in neutral zone.
3:53 of 2nd period - Will Butcher is hit by Nino Niederreiter.
4:32 of 2nd period - Shot by Jake Gardiner.
4:32 of 2nd period - Stopped by Vitek Vanecek without a rebound.
4:33 of 2nd period - Connor McDavid wins face-off versus Colin Blackwell in COLUMBUS Blue Jackets zone.
5:07 of 2nd period - Icing by Anton Lindholm.
5:08 of 2nd period - Connor McDavid wins face-off versus Colin Blackwell in PITTSBURGH Penguins zone.
5:40 of 2nd period - Icing by Oliver Bjorkstrand .
5:41 of 2nd period - Ross Colton wins face-off versus Sam Steel in PITTSBURGH Penguins zone.
5:58 of 2nd period - Shot by Alexander Barabanov.
5:58 of 2nd period - Shot Misses the Net.
6:12 of 2nd period - Kevin Connauton is hit by Jeffrey Viel and loses puck.
6:46 of 2nd period - Icing by Matthew Nieto.
6:47 of 2nd period - Ross Colton wins face-off versus Pierre-luc Dubois in PITTSBURGH Penguins zone.
6:56 of 2nd period - Carson Soucy is hit by Alexander Barabanov and loses puck.
7:20 of 2nd period - Tyler Johnson is hit by Will Butcher.
8:05 of 2nd period - Shot by Andrei Svechnikov.
8:05 of 2nd period - Stopped by Vitek Vanecek without a rebound.
8:06 of 2nd period - Laurent Dauphin wins face-off versus Bo Horvat in COLUMBUS Blue Jackets zone.
8:31 of 2nd period - John Marino is hit by Milan Lucic and loses puck.
8:33 of 2nd period - Minor Penalty to Milan Lucic for Interference.
8:34 of 2nd period - Connor McDavid wins face-off versus Bo Horvat in PITTSBURGH Penguins zone.
8:45 of 2nd period - Shot by John Carlson.
8:45 of 2nd period - Stopped by Darcy Kuemper with a rebound.
9:22 of 2nd period - Shot by Carson Soucy.
9:22 of 2nd period - Shot Blocked by Anton Lindholm.
9:46 of 2nd period - Off-side.
9:47 of 2nd period - Gustav Nyquist wins face-off versus Bo Horvat in neutral zone.
10:05 of 2nd period - Shot by John Marino.
10:05 of 2nd period - Shot Blocked by Will Butcher.
10:31 of 2nd period - Shot by Dante Fabbro.
10:31 of 2nd period - Stopped by Darcy Kuemper without a rebound.
10:32 of 2nd period - Gustav Nyquist wins face-off versus Bo Horvat in PITTSBURGH Penguins zone.
10:52 of 2nd period - Shot by Jeffrey Viel.
10:52 of 2nd period - Shot Misses the Net.
10:54 of 2nd period - Shot by Sam Steel.
10:54 of 2nd period - Goal by Sam Steel - PITTSBURGH Penguins : 0 - COLUMBUS Blue Jackets : 1.
10:55 of 2nd period - William Nylander wins face-off versus Colin Blackwell in neutral zone.
11:23 of 2nd period - Shot by Oliver Bjorkstrand .
11:23 of 2nd period - Shot Misses the Net.
12:01 of 2nd period - Icing by Will Butcher.
12:02 of 2nd period - Connor McDavid wins face-off versus Tyler Johnson in PITTSBURGH Penguins zone.
12:06 of 2nd period - Jake Gardiner is hit by Pierre-luc Dubois and loses puck.
12:10 of 2nd period - Icing by Gustav Nyquist.
12:11 of 2nd period - Connor McDavid wins face-off versus Pierre-luc Dubois in PITTSBURGH Penguins zone.
12:22 of 2nd period - Shot by Gustav Nyquist.
12:22 of 2nd period - Goal by Gustav Nyquist - PITTSBURGH Penguins : 1 - COLUMBUS Blue Jackets : 1.
12:23 of 2nd period - Laurent Dauphin wins face-off versus Bo Horvat in neutral zone.
12:26 of 2nd period - Artturi Lehkonen is hit by Milan Lucic and loses puck.
12:34 of 2nd period - Icing by Jordan Gross.
12:35 of 2nd period - Bo Horvat wins face-off versus Connor McDavid in COLUMBUS Blue Jackets zone.
12:52 of 2nd period - Icing by Will Butcher.
12:53 of 2nd period - Pierre-luc Dubois wins face-off versus Connor McDavid in PITTSBURGH Penguins zone.
12:56 of 2nd period - Shot by Tyler Johnson.
12:56 of 2nd period - Stopped by Darcy Kuemper without a rebound.
12:57 of 2nd period - William Nylander wins face-off versus Pierre-luc Dubois in PITTSBURGH Penguins zone.
13:22 of 2nd period - Shot by Andrei Svechnikov.
13:22 of 2nd period - Shot Blocked by John Marino.
13:26 of 2nd period - Shot by Andrei Svechnikov.
13:26 of 2nd period - Shot Misses the Net.
13:28 of 2nd period - Shot by Adam Larsson.
13:28 of 2nd period - Shot Misses the Net.
13:30 of 2nd period - Shot by Adam Larsson.
13:30 of 2nd period - Stopped by Vitek Vanecek without a rebound.
13:31 of 2nd period - Connor McDavid wins face-off versus Bo Horvat in COLUMBUS Blue Jackets zone.
13:48 of 2nd period - Minor Penalty to Carson Soucy for Slashing.
13:49 of 2nd period - Pierre-luc Dubois wins face-off versus Connor McDavid in COLUMBUS Blue Jackets zone.
13:58 of 2nd period - Shot by Jack Roslovic.
13:58 of 2nd period - Shot Blocked by Jake Gardiner.
14:10 of 2nd period - Shot by Brad Marchand.
14:10 of 2nd period - Stopped by Vitek Vanecek without a rebound.
14:11 of 2nd period - Gustav Nyquist wins face-off versus Pierre-luc Dubois in COLUMBUS Blue Jackets zone.
14:37 of 2nd period - Shot by Anton Lindholm.
14:37 of 2nd period - Goal by Anton Lindholm - PITTSBURGH Penguins : 2 - COLUMBUS Blue Jackets : 1.
14:38 of 2nd period - Laurent Dauphin wins face-off versus Colin Blackwell in neutral zone.
14:40 of 2nd period - Jake Gardiner is hit by Carson Soucy and loses puck.
14:48 of 2nd period - Icing by John Carlson.
14:49 of 2nd period - Nick Paul wins face-off versus Brad Marchand in COLUMBUS Blue Jackets zone.
14:49 of 2nd period - Nick Paul is hit by Brad Marchand.
16:09 of 2nd period - Shot by William Nylander.
16:09 of 2nd period - Stopped by Vitek Vanecek without a rebound.
16:10 of 2nd period - Ross Colton wins face-off versus Bo Horvat in COLUMBUS Blue Jackets zone.
16:10 of 2nd period - Matthew Nieto is hit by Jordan Gross.
16:19 of 2nd period - Icing by Jordan Gross.
16:20 of 2nd period - William Nylander wins face-off versus Bo Horvat in COLUMBUS Blue Jackets zone.
17:47 of 2nd period - Jack Roslovic is hit by Trevor Carrick and loses puck.
18:38 of 2nd period - Shot by Colin Blackwell.
18:38 of 2nd period - Stopped by Darcy Kuemper without a rebound.
18:39 of 2nd period - Sam Steel wins face-off versus Connor McDavid in PITTSBURGH Penguins zone.
19:03 of 2nd period - Brad Marchand is hit by Carson Soucy and loses puck.
19:09 of 2nd period - Minor Penalty to Carson Soucy for Hooking.
19:10 of 2nd period - Pierre-luc Dubois wins face-off versus Gustav Nyquist in COLUMBUS Blue Jackets zone.
19:10 of 2nd period - Pierre-luc Dubois is hit by Andrei Svechnikov.
Goals for this period are 2 for PITTSBURGH Penguins vs 1 for COLUMBUS Blue Jackets .
Shots for this period are 8 for PITTSBURGH Penguins vs 7 for COLUMBUS Blue Jackets .

3rd period


0:01 of 3rd period - Pierre-luc Dubois wins face-off versus Connor McDavid in neutral zone.
0:28 of 3rd period - Shot by Will Butcher.
0:28 of 3rd period - Shot Misses the Net.
1:38 of 3rd period - Icing by Kevin Connauton.
1:39 of 3rd period - Bo Horvat wins face-off versus Ross Colton in PITTSBURGH Penguins zone.
1:46 of 3rd period - Shot by Nino Niederreiter.
1:46 of 3rd period - Stopped by Darcy Kuemper with a rebound.
2:08 of 3rd period - Adam Larsson is hit by Artturi Lehkonen and loses puck.
2:29 of 3rd period - Shot by Connor McDavid.
2:29 of 3rd period - Shot Misses the Net.
2:31 of 3rd period - Shot by Brad Marchand.
2:31 of 3rd period - Shot Misses the Net.
2:33 of 3rd period - Shot by Connor McDavid.
2:33 of 3rd period - Shot Misses the Net.
3:17 of 3rd period - Jake Gardiner is hit by Nino Niederreiter and loses puck.
3:30 of 3rd period - Shot by Oliver Bjorkstrand .
3:30 of 3rd period - Stopped by Vitek Vanecek without a rebound.
3:31 of 3rd period - Pierre-luc Dubois wins face-off versus Ross Colton in COLUMBUS Blue Jackets zone.
3:50 of 3rd period - Shot by Jack Roslovic.
3:50 of 3rd period - Stopped by Darcy Kuemper with a rebound.
3:53 of 3rd period - Icing by Alexander Barabanov.
3:54 of 3rd period - Justin Danforth wins face-off versus Ross Colton in PITTSBURGH Penguins zone.
3:57 of 3rd period - Shot by Colin Blackwell.
3:57 of 3rd period - Shot Misses the Net.
4:27 of 3rd period - Shot by Colin Blackwell.
4:27 of 3rd period - Stopped by Darcy Kuemper without a rebound.
4:28 of 3rd period - Pierre-luc Dubois wins face-off versus Connor McDavid in PITTSBURGH Penguins zone.
4:51 of 3rd period - Shot by Will Butcher.
4:51 of 3rd period - Shot Blocked by John Carlson.
5:01 of 3rd period - Shot by Gustav Nyquist.
5:01 of 3rd period - Shot Misses the Net.
5:09 of 3rd period - Shot by Brad Marchand.
5:09 of 3rd period - Goal by Brad Marchand - PITTSBURGH Penguins : 3 - COLUMBUS Blue Jackets : 1.
5:10 of 3rd period - Sam Steel wins face-off versus Oliver Bjorkstrand in neutral zone.
5:13 of 3rd period - Andrei Svechnikov is hit by Jeffrey Viel and loses puck.
5:33 of 3rd period - Shot by William Nylander.
5:33 of 3rd period - Deflect By Andrei Svechnikov.
5:33 of 3rd period - Shot Misses the Net.
6:06 of 3rd period - Jordan Gross is hit by Milan Lucic and loses puck.
6:58 of 3rd period - Trevor Carrick is hit by John Marino and loses puck.
7:09 of 3rd period - Shot by Tyler Johnson.
7:09 of 3rd period - Shot Misses the Net.
7:24 of 3rd period - Will Butcher is hit by Tyler Johnson and loses puck.
7:46 of 3rd period - Gustav Nyquist is hit by John Marino and loses puck.
7:49 of 3rd period - Shot by Gustav Nyquist.
7:49 of 3rd period - Stopped by Vitek Vanecek without a rebound.
7:50 of 3rd period - William Nylander wins face-off versus Bo Horvat in COLUMBUS Blue Jackets zone.
7:55 of 3rd period - Shot by Oliver Bjorkstrand .
7:55 of 3rd period - Shot Misses the Net.
8:57 of 3rd period - Off-side.
8:58 of 3rd period - Colin Blackwell wins face-off versus Connor McDavid in neutral zone.
9:02 of 3rd period - Icing by Will Butcher.
9:03 of 3rd period - Pierre-luc Dubois wins face-off versus Brad Marchand in PITTSBURGH Penguins zone.
9:07 of 3rd period - Icing by Jake Gardiner.
9:08 of 3rd period - Pierre-luc Dubois wins face-off versus Connor McDavid in PITTSBURGH Penguins zone.
9:15 of 3rd period - Shot by Tyler Johnson.
9:15 of 3rd period - Stopped by Darcy Kuemper with a rebound.
9:17 of 3rd period - Shot by John Carlson.
9:17 of 3rd period - Deflect By Jack Roslovic.
9:17 of 3rd period - Stopped by Darcy Kuemper without a rebound.
9:18 of 3rd period - Pierre-luc Dubois wins face-off versus Connor McDavid in PITTSBURGH Penguins zone.
9:18 of 3rd period - John Marino is hit by Jake Gardiner and loses puck.
9:19 of 3rd period - Minor Penalty to Jake Gardiner for Roughing.
9:20 of 3rd period - Connor McDavid wins face-off versus Pierre-luc Dubois in PITTSBURGH Penguins zone.
10:02 of 3rd period - Shot by John Carlson.
10:02 of 3rd period - Stopped by Darcy Kuemper with a rebound.
10:22 of 3rd period - Shot by Bo Horvat.
10:22 of 3rd period - Stopped by Darcy Kuemper without a rebound.
10:23 of 3rd period - Gustav Nyquist wins face-off versus Bo Horvat in PITTSBURGH Penguins zone.
11:28 of 3rd period - Shot by William Lagesson.
11:28 of 3rd period - Stopped by Darcy Kuemper without a rebound.
11:29 of 3rd period - Pierre-luc Dubois wins face-off versus William Nylander in PITTSBURGH Penguins zone.
11:40 of 3rd period - Shot by William Nylander.
11:40 of 3rd period - Stopped by Vitek Vanecek without a rebound.
11:41 of 3rd period - Ross Colton wins face-off versus Sam Steel in COLUMBUS Blue Jackets zone.
11:44 of 3rd period - Shot by Alexander Barabanov.
11:44 of 3rd period - Stopped by Vitek Vanecek with a rebound.
11:46 of 3rd period - Shot by Matthew Nieto.
11:46 of 3rd period - Stopped by Vitek Vanecek without a rebound.
11:47 of 3rd period - Pierre-luc Dubois wins face-off versus William Nylander in COLUMBUS Blue Jackets zone.
12:27 of 3rd period - Off-side.
12:28 of 3rd period - Connor McDavid wins face-off versus Bo Horvat in neutral zone.
12:56 of 3rd period - Icing by Adam Larsson.
12:57 of 3rd period - Connor McDavid wins face-off versus Colin Blackwell in PITTSBURGH Penguins zone.
13:09 of 3rd period - Minor Penalty to Nick Paul for Roughing.
13:10 of 3rd period - Gustav Nyquist wins face-off versus Pierre-luc Dubois in COLUMBUS Blue Jackets zone.
13:27 of 3rd period - Shot by Gustav Nyquist.
13:27 of 3rd period - Stopped by Vitek Vanecek without a rebound.
13:28 of 3rd period - Pierre-luc Dubois wins face-off versus Connor McDavid in COLUMBUS Blue Jackets zone.
13:59 of 3rd period - Shot by William Nylander.
13:59 of 3rd period - Shot Misses the Net.
14:01 of 3rd period - Shot by Jake Gardiner.
14:01 of 3rd period - Shot Misses the Net.
14:09 of 3rd period - Shot by Connor McDavid.
14:09 of 3rd period - Stopped by Vitek Vanecek without a rebound.
14:10 of 3rd period - Tyler Johnson wins face-off versus Gustav Nyquist in COLUMBUS Blue Jackets zone.
14:19 of 3rd period - Shot by Anton Lindholm.
14:19 of 3rd period - Stopped by Vitek Vanecek without a rebound.
14:20 of 3rd period - Tyler Johnson wins face-off versus Gustav Nyquist in COLUMBUS Blue Jackets zone.
14:20 of 3rd period - Tyler Johnson is hit by Andrei Svechnikov.
14:47 of 3rd period - Shot by Andrei Svechnikov.
14:47 of 3rd period - Stopped by Vitek Vanecek with a rebound.
14:49 of 3rd period - Shot by Adam Larsson.
14:49 of 3rd period - Goal by Adam Larsson - PITTSBURGH Penguins : 4 - COLUMBUS Blue Jackets : 1.
14:50 of 3rd period - Ross Colton wins face-off versus Bo Horvat in neutral zone.
15:19 of 3rd period - Shot by Bo Horvat.
15:19 of 3rd period - Stopped by Darcy Kuemper without a rebound.
15:20 of 3rd period - Connor McDavid wins face-off versus Colin Blackwell in PITTSBURGH Penguins zone.
15:20 of 3rd period - Connor McDavid is hit by Nick Paul.
15:27 of 3rd period - Anton Lindholm is hit by Nick Paul and loses puck.
15:51 of 3rd period - Brad Marchand is hit by Dante Fabbro and loses puck.
16:05 of 3rd period - Gustav Nyquist is hit by John Marino and loses puck.
16:49 of 3rd period - Shot by Andrei Svechnikov.
16:49 of 3rd period - Stopped by Vitek Vanecek without a rebound.
16:50 of 3rd period - Pierre-luc Dubois wins face-off versus Ross Colton in COLUMBUS Blue Jackets zone.
16:50 of 3rd period - Minor Penalty to Ross Colton for Holding.
16:51 of 3rd period - Connor McDavid wins face-off versus Pierre-luc Dubois in PITTSBURGH Penguins zone.
17:14 of 3rd period - Connor McDavid is hit by Pierre-luc Dubois and loses puck.
17:27 of 3rd period - Shot by Pierre-luc Dubois.
17:27 of 3rd period - Shot Misses the Net.
19:11 of 3rd period - Shot by Rudolfs Balcers.
19:11 of 3rd period - Deflect By Jeffrey Viel.
19:11 of 3rd period - Shot Misses the Net.
19:13 of 3rd period - Shot by William Lagesson.
19:13 of 3rd period - Stopped by Darcy Kuemper with a rebound.
19:15 of 3rd period - Shot by Sam Steel.
19:15 of 3rd period - Deflect By Rudolfs Balcers.
19:15 of 3rd period - Stopped by Darcy Kuemper without a rebound.
19:16 of 3rd period - Colin Blackwell wins face-off versus William Nylander in PITTSBURGH Penguins zone.
19:25 of 3rd period - Shot by John Carlson.
19:25 of 3rd period - Shot Blocked by Andrei Svechnikov.
19:27 of 3rd period - Shot by Carson Soucy.
19:27 of 3rd period - Shot Misses the Net.
19:29 of 3rd period - Shot by Colin Blackwell.
19:29 of 3rd period - Stopped by Darcy Kuemper without a rebound.
19:30 of 3rd period - Bo Horvat wins face-off versus Connor McDavid in PITTSBURGH Penguins zone.
Goals for this period are 2 for PITTSBURGH Penguins vs 0 for COLUMBUS Blue Jackets .
Shots for this period are 12 for PITTSBURGH Penguins vs 12 for COLUMBUS Blue Jackets .